 Dungeon Crawl Stone Soup version 0.23.2-1-ga50397a (webtiles) character file.

Game seed: 4193028085068055272

50 Yui24 the Chucker (level 4, -2/27 HPs)
             Began as a Kobold Hunter on May 19, 2019.
             Was an Initiate of Kikubaaqudgha.
             Killed from afar by a hobgoblin (26 damage)
             ... with an exploding inner flame
             ... hexed by the player character
             ... on level 2 of the Dungeon.
             The game lasted 00:21:08 (1349 turns).

Yui24 the Chucker (Kobold Hunter)                   Turns: 1349, Time: 00:21:08

Health: -2/27      AC:  3    Str:  9    XL:     4   Next: 4%
Magic:  4/4        EV: 15    Int: 12    God:    Kikubaaqudgha [......]
Gold:   76         SH:  0    Dex: 16    Spells: 3/3 levels left

rFire    . . .     SeeInvis .   a - +0 short sword
rCold    . . .     Gourm    .   (shield restricted)
rNeg     . . .     Faith    .   b - +0 leather armour
rPois    .         Spirit   .   (no helmet)
rElec    .         Reflect  .   (no cloak)
rCorr    .         Harm     .   (no gloves)
MR       .....                  (no boots)
Stlth    ++........             (no amulet)
HPRegen  0.09/turn              (no ring)
MPRegen  0.09/turn              (no ring)

@: no status effects
A: small, carnivore
a: Renounce Religion


You were on level 2 of the Dungeon.
You worshipped Kikubaaqudgha.
Kikubaaqudgha was noncommittal.
You were completely stuffed.

You visited 1 branch of the dungeon, and saw 2 of its levels.

You collected 76 gold pieces.

Inventory:

Hand Weapons
 a - a +0 short sword (weapon)
 j - a +0 club
 o - a +0 dagger
 q - a +0 spear
Missiles
 c - 4 tomahawks (quivered)
 d - 28 stones
 i - 54 arrows
 p - 49 bolts
 r - 2 throwing nets
Armour
 b - a +0 leather armour (worn)
 k - a +0 shield
Scrolls
 l - a scroll of identify
Potions
 g - a potion of haste
 m - a potion of degeneration {unknown}
Comestibles
 f - 3 rations


   Skills:
 + Level 2.3 Fighting
 + Level 1.0 Short Blades
 + Level 5.5 Throwing
 + Level 0.2 Armour
 + Level 2.6 Dodging
 + Level 1.4 Stealth


You had 3 spell levels left.
You didn't know any spells.
Your spell library was empty.

Dungeon Overview and Level Annotations

Branches:
Dungeon (2/15)

Altars:
Kikubaaqudgha


Innate Abilities, Weirdness & Mutations

You are small and have problems with some larger weapons.
You are carnivorous and can eat meat at any time.


Message History

As you read the scroll labeled USATUM WAOMO {sgshs}, it crumbles to dust.
It is a scroll of amnesia.
You feel forgetful for a moment.
As you read the scroll labeled VOIVOPPUOCU, it crumbles to dust.
It is a scroll of identify.
g - a potion of haste
As you read the scroll labeled VIR VUDGHIEGIE, it crumbles to dust.
The creatures around you are filled with an inner flame!
It was a scroll of immolation.
The hobgoblin hits you.
You hit the hobgoblin but do no damage. The hobgoblin completely misses you.
You barely miss the hobgoblin. The hobgoblin completely misses you.
You hit the hobgoblin.
The hobgoblin explodes!
The fiery explosion engulfs you!!
Ouch! That really hurt!
You die...
Kikubaaqudgha rasps: "You have failed me!
Welcome... death!"

#÷# #..................#
##÷#
##.############......#
...# #.# ####.### ##.#
#.# .# #.# #.# # #.#
#.############ #.#
##<##...(.....###
##.#####...#....§.§.....
.............##.@§§.....
#.#####....#.##.###+###.
#. #...>÷.##.# #.
#...##.##.# #.
#..###.##)+ #. #..
#....# #. .... #.#..#
.### #<...###+###
###.........


There were no monsters in sight!

Vanquished Creatures
  2 adders (D:2)
  A dart slug (D:1)
  A leopard gecko (D:1)
  3 bats
  A giant cockroach (D:1)
  5 goblins
  5 hobgoblins (D:1)
  A quokka (D:2)
  3 frilled lizards
  4 kobolds
  3 rats
29 creatures vanquished.

Notes
Turn   | Place    | Note
-------+----------+-------------------------------------------
     0 | D:1      | Yui24 the Kobold Hunter began the quest for the Orb.
     0 | D:1      | Reached XP level 1. HP: 12/12 MP: 1/1
   114 | D:1      | Reached XP level 2. HP: 15/17 MP: 2/2
   274 | D:1      | Reached skill level 5 in Throwing
   364 | D:1      | Reached XP level 3. HP: 10/21 MP: 3/3
   880 | D:2      | Found an ancient bone altar of Kikubaaqudgha.
   887 | D:2      | Became a worshipper of Kikubaaqudgha
  1302 | D:2      | Reached XP level 4. HP: 26/27 MP: 4/4
  1319 | D:2      | Reached skill level 1 in Short Blades
  1349 | D:2      | Killed from afar by a hobgoblin

Skill      XL: |  1  2  3  4 |
---------------+-------------+-----
Throwing       | 5 |  5.5
Short Blades   | 1 |  1.0
Fighting       | |  2.3
Armour         | |  0.2
Dodging        | |  2.6
Stealth        | |  1.4

Action                   |  1- 3 |  4- 6 || total
-------------------------+-------+-------++-------
Melee: Short sword       |    51 |     7 ||    58
Throw: Tomahawk          |    34 |     3 ||    37
       Throwing net      |     2 |       ||     2
  Use: Scroll            |       |     3 ||     3
  Eat: Chunk             |     9 |     1 ||    10
Armor: Leather armour    |    18 |     2 ||    20
Dodge: Dodged            |    78 |     7 ||    85
